 Dungeon Crawl Stone Soup version 0.19-a0-160-gd53b84c (webtiles) character file.

640486 Duffy the Warrior (level 27, -19/263 (266) HPs)
             Began as a Naga Ice Elementalist on May 21, 2016.
             Was the Champion of Vehumet.
             Killed from afar by an electric golem (42 damage)
             ... with a bolt of lightning
             ... on level 1 of the Realm of Zot.
             The game lasted 04:36:56 (97909 turns).

Duffy the Warrior (Naga Ice Elementalist)          Turns: 97909, Time: 04:36:56

HP:   -19/263 (266) AC: 43    Str: 17    XL:     27
MP:   40/40         EV: 22    Int: 24    God:    Vehumet [******]
Gold: 3353          SH: 15    Dex: 15    Spells: 11 memorised, 0 levels left

rFire  + . .     SeeInvis +     a - +9 eveningstar (venom)
rCold  . . .     Gourm    .     p - +4 troll leather armour
rNeg   . . .     Faith    .     j - +4 shield {reflect}
rPois  +         Spirit   .     m - +2 hat
rElec  .         Dismiss  .     B - +2 cloak
rCorr  .         Reflect  +     T - +2 pair of gloves
SustAt .         Harm     .     U - +4 naga barding {rF+}
MR     +++++                    O - amulet of Gouxolan {MR+ Regen+ Str+3}
Stlth  ++........               G - +5 ring of protection
                                c - +6 ring of evasion

@: regenerating (expiring), very slow, almost entirely resistant to hostile
enchantments, unstealthy
A: stinger 1, see invisible, clever 1, deformed body, magic resistance 1,
mutation resistance 1, poison resistance, slowness 2, slow metabolism 1, spit
poison 2, constrict 1, AC +9
a: Spit Poison, Renounce Religion
}: 3/15 runes: serpentine, barnacled, slimy


You were on level 1 of the Realm of Zot.
You worshipped Vehumet.
Vehumet was exalted by your worship.
You were not hungry.

You visited 11 branches of the dungeon, and saw 55 of its levels.
You visited 2 bazaars.
You visited 1 ziggurat, and saw 7 of its levels.
You also visited: Sewer, Ossuary, Ice Cave and Wizlab.

You collected 9299 gold pieces.
You spent 5946 gold pieces at shops.


Innate Abilities, Weirdness & Mutations

You cannot wear boots.
Your serpentine skin is tough (AC +9).
You have supernaturally acute eyesight.
Armour fits poorly on your strangely shaped body.
Your system is resistant to poisons.
You cover ground very slowly.
You have a slow metabolism.
You can spit poison.
You can use your snake-like lower body to constrict enemies.
Your tail ends in a poisonous barb.
Your mind is acute. (Int +2)
You are resistant to hostile enchantments.
You are somewhat resistant to further mutation.


   Skills:
 - Level 19.5 Fighting
 - Level 16.0 Maces & Flails
 - Level 16.4 Armour
 + Level 14.3 Dodging
 - Level 3.0 Stealth
 - Level 9.0 Shields
 - Level 13.8 Spellcasting
 - Level 16.5 Conjurations
 - Level 10.2 Charms
   Level 6.0 Summonings
 - Level 9.8 Necromancy
 - Level 3.5 Translocations
 - Level 13.2 Ice Magic
 - Level 10.0 Air Magic
 - Level 14.8 Evocations


You couldn't memorise any spells.
You knew the following spells:

 Your Spells              Type           Power        Failure   Level  Hunger
a - Bolt of Cold          Conj/Ice       ######....   1%          6    #####..
d - Dispel Undead         Necr           ######..     1%          5    ###....
i - Orb of Destruction    Conj           #######...   1%          7    ######.
m - Deflect Missiles      Chrm/Air       ######....   12%         6    #####..
n - Freezing Cloud        Conj/Ice/Air   ######....   1%          6    #####..
o - Ozocubu's Refrigerat  Ice            ######....   1%          6    #####..
s - Spectral Weapon       Hex/Chrm       #####...     1%          3    None
w - Ozocubu's Armour      Chrm/Ice       ######..     1%          3    None
y - Regeneration          Chrm/Necr      ######....   1%          3    None
B - Blink                 Tloc           N/A          1%          2    None
H - Haste                 Chrm           ######..     12%         6    #####..

Inventory:

Hand Weapons
 a - a +9 eveningstar of venom (weapon)
Missiles
 d - 4 throwing nets (quivered)
Armour
 j - a +4 shield of reflection (worn)
 m - a +2 hat (worn)
 p - a +4 troll leather armour (worn)
 B - a +2 cloak (worn)
 T - a +2 pair of gloves (worn)
 U - a +4 naga barding of fire resistance (worn)
Magical Staves
 b - an uncursed staff of wizardry
Jewellery
 c - a +6 ring of evasion (left hand)
 r - the ring of Shadows {Umbra +Inv rN+ SInv}

   [ring of positive energy]

   It protects you from negative energy.
   It lets you see invisible.
   It lets you turn invisible.
 s - an uncursed ring of protection from fire
 G - a +5 ring of protection (right hand)
 H - the ring "Gixeot" {rC+ rN+}

   [ring of protection from cold]

   It protects you from cold.
   It protects you from negative energy.
 L - an uncursed ring of resist corrosion
 O - the amulet of Gouxolan (around neck) {MR+ Regen+ Str+3}

   [amulet of regeneration]

   It affects your strength (+3).
   It affects your resistance to hostile enchantments.
   It increases your rate of regeneration.
Wands
 k - a wand of teleportation (3/9)
 t - a wand of hasting (5/9)
 v - a wand of acid (4/15)
 F - a wand of digging (11/24)
Scrolls
 o - 3 scrolls of silence
 w - a scroll of summoning
 x - 8 scrolls of fog
 A - 7 scrolls of fear
 D - 19 scrolls of remove curse
 E - 7 scrolls of vulnerability
 I - 6 scrolls of recharging
 J - 3 scrolls of blinking
 K - 2 scrolls of teleportation
 N - 2 scrolls of identify
 Y - 3 scrolls of magic mapping
 Z - 7 scrolls of immolation
Potions
 e - 5 potions of berserk rage
 f - 9 potions of heal wounds
 i - 8 potions of brilliance
 l - 3 potions of resistance
 n - 24 potions of curing
 z - 4 potions of invisibility
 C - 8 potions of might
 M - 6 potions of agility
 P - 10 potions of cancellation
 R - 2 potions of haste
Miscellaneous
 q - a fan of gales
 y - a sack of spiders {used: 3}
 Q - a lamp of fire
 S - a phial of floods
 V - a phantom mirror
Comestibles
 g - 15 bread rations
 h - 12 meat rations
 u - a beef jerky

Dungeon Overview and Level Annotations

Branches:
Dungeon (15/15)            Temple (0/1) D:5            Lair (8/8) D:9
 Shoals (4/4) Lair:6        Snake (4/4) Lair:3        Slime (6/6) Lair:8
    Orc (2/2) D:10            Elf (3/3) Orc:2        Vaults (4/5) D:13
  Crypt (3/3) Vaults:3       Tomb (0/3) Crypt:3      Depths (5/5) D:15
    Zot (1/5) Depths:5

Altars:
Dithmenos
Fedhas
Gozag
Kikubaaqudgha
Makhleb
Pakellas
Qazlal
Vehumet
Xom
Yredelemnul
Zin
The Shining One
Jiyva

Shops:
Orc:2 (=*%   Elf:1 !**[=   Shoals:1 *%*[   Shoals:2 *   Vaults:4 *(==
Depths:3 ([[

Portals:
Hell: Depths:1 Depths:2 Depths:3 Depths:4 Depths:5
Abyss: Depths:4
Pandemonium: Depths:3 Depths:5

Annotations:
D:14 exclusion: ice statue
Slime:6 Kilingo's ghost, adept MiBe


Message History

The electric golem is severely damaged.
The electric golem hits you but does no damage.
The electric golem closely misses you. The electric golem hits you.
The electric golem hits you but does no damage.
The electric golem crackles and sizzles.
The electric golem blinks!
The electric golem hurls lightning at you.
The bolt of lightning hits you!
You miss the electric golem.
The electric golem is severely damaged.
The electric golem hits you but does no damage.
You block the electric golem's attack. The electric golem misses you.
You block the electric golem's attack.
You closely miss the electric golem.
The electric golem is severely damaged.
You block the electric golem's attack. The electric golem closely misses you.
The electric golem hits you but does no damage.
You block the electric golem's attack.
You thump the electric golem!
Your tail-slap misses the electric golem.
The electric golem is almost destroyed.
The electric golem barely misses you. The electric golem misses you.
The electric golem hits you. You block the electric golem's attack.
You closely miss the electric golem.
The electric golem is almost destroyed.
The electric golem closely misses you. The electric golem barely misses you.
The electric golem hits you. You block the electric golem's attack.
You sock the electric golem!
The electric golem is almost destroyed.
The electric golem hurls lightning at you.
The bolt of lightning hits you!
You block the electric golem's attack. x2
The electric golem barely misses you. You block the electric golem's attack.
You miss the electric golem.
The electric golem is almost destroyed.
The electric golem blinks!
The electric golem hurls lightning at you.
The bolt of lightning hits you!
You barely miss the electric golem.
The electric golem is almost destroyed.
The electric golem hits you but does no damage.
The electric golem completely misses you.
The electric golem closely misses you. The electric golem barely misses you.
You hit the electric golem but do no damage.
You tail-slap the electric golem!
The electric golem is almost destroyed.
The electric golem blinks!
Your skin is crawling a little less now.
The electric golem hurls lightning at you.
The bolt of lightning hits you!
You die...

#.# #.# ############ #.#
...........# #.# *****
...........# ######## #.# *,..,
...........# #......###.####...,
....^......####.................,
...........##...............#...,
...........####.@###.###.##.#*,,,
......###+#####..# #.###.##.##,..
......###.....#..# #.#.......#...
..[...#...###.#.8# #####.....#..,
......'.#.# #.#..# #.........,
......#.#####.#..######......###*
+######.##.....\..........#..####
.>...............................
..#####.###.............8...)####


You could see an electric golem.

Action                   |  1- 3 |  4- 6 |  7- 9 | 10-12 | 13-15 | 16-18 | 19-21 | 22-24 | 25-27 || total
-------------------------+-------+-------+-------+-------+-------+-------+-------+-------+-------++-------
Melee: Dagger            |       |    23 |   100 |   174 |   506 |    30 |       |       |       ||   833
       Constrict         |       |       |       |       |   106 |    83 |   198 |   146 |   341 ||   874
       Tailslap          |       |       |       |       |    81 |    57 |   210 |   258 |   649 ||  1255
       Staff             |       |       |       |       |       |    15 |       |       |       ||    15
       Demon whip        |       |       |       |       |       |   369 |  1348 |  1190 |  1290 ||  4197
       Eveningstar       |       |       |       |       |       |       |       |       |  1591 ||  1591
Throw: Tomahawk          |       |       |       |    35 |     9 |     6 |       |       |       ||    50
 Cast: Freeze            |    38 |    96 |   224 |   443 |   116 |       |       |       |       ||   917
       Summon Ice Beast  |       |       |    48 |   191 |    95 |       |     2 |       |       ||   336
       Throw Icicle      |       |       |    25 |    33 |   300 |   314 |   160 |    38 |       ||   870
       Ozocubu's Armour  |       |       |       |    22 |    32 |     2 |    25 |    16 |    73 ||   170
       Bolt of Cold      |       |       |       |     2 |   157 |   181 |    99 |    91 |    98 ||   628
       Ozocubu's Refrige |       |       |       |       |    38 |    35 |    17 |     4 |    12 ||   106
       Orb of Destructio |       |       |       |       |       |    85 |    28 |    18 |    18 ||   149
       Freezing Cloud    |       |       |       |       |       |    35 |    85 |    88 |   104 ||   312
       Regeneration      |       |       |       |       |       |       |    35 |    27 |    77 ||   139
       Spectral Weapon   |       |       |       |       |       |       |     6 |     9 |    23 ||    38
       Haste             |       |       |       |       |       |       |     1 |     1 |    18 ||    20
       Deflect Missiles  |       |       |       |       |       |       |       |     4 |     5 ||     9
       Blink             |       |       |       |       |       |       |       |     1 |       ||     1
       Dispel Undead     |       |       |       |       |       |       |       |       |     9 ||     9
 Abil: Spit Poison       |    26 |    20 |    12 |     3 |       |     1 |       |       |       ||    62
Evoke: Wand              |       |       |       |       |     6 |       |       |     5 |     4 ||    15
       Fan of gales      |       |       |       |       |       |     1 |       |       |     1 ||     2
       Lamp of fire      |       |       |       |       |       |     1 |       |       |     1 ||     2
       Sack of spiders   |       |       |       |       |       |       |       |       |     4 ||     4
       Phial of floods   |       |       |       |       |       |       |       |       |     1 ||     1
  Use: Scroll            |       |       |     9 |    22 |    15 |    17 |    17 |    18 |    31 ||   129
       Potion            |       |       |       |       |     2 |     3 |     5 |     8 |    12 ||    30
 Stab: Sleeping          |       |     4 |     2 |     2 |     3 |     1 |     8 |     2 |     5 ||    27
       Distracted        |       |       |     1 |     1 |     2 |       |       |     1 |     4 ||     9
       Invisible         |       |       |       |       |       |       |       |     2 |       ||     2
       Confused          |       |       |       |       |       |       |       |       |     3 ||     3
  Eat: Chunk             |     3 |     7 |    43 |    53 |   110 |   107 |    99 |    25 |    47 ||   494
       Fruit             |       |     2 |       |       |       |     4 |       |    23 |    10 ||    39
       Royal jelly       |       |       |       |       |     2 |     1 |       |       |     1 ||     4
       Pizza             |       |       |       |       |     1 |     9 |     1 |     1 |       ||    12
       Beef jerky        |       |       |       |       |       |     8 |     3 |     2 |     1 ||    14
       Meat ration       |       |       |       |       |       |     2 |       |     2 |     7 ||    11
       Bread ration      |       |       |       |       |       |       |     2 |     4 |     6 ||    12
Armor: Robe              |     6 |       |       |       |       |       |       |       |       ||     6
       Troll leather arm |     4 |    25 |   147 |   376 |   789 |   289 |   534 |   545 |  1136 ||  3845
Dodge: Dodged            |    17 |    40 |   141 |   267 |   423 |   200 |   392 |   377 |  1284 ||  3141
       Deflected         |       |       |       |       |       |       |       |    17 |    69 ||    86
Block: Shield            |       |       |       |       |       |    40 |   460 |   471 |  1384 ||  2355
       Reflection        |       |       |       |       |       |       |    50 |    39 |    35 ||   124

Notes
Turn   | Place    | Note
--------------------------------------------------------------
     0 | D:1      | Duffy the Naga Ice Elementalist began the quest for the Orb.
     0 | D:1      | Reached XP level 1. HP: 15/15 MP: 3/3
   324 | D:1      | Reached XP level 2. HP: 22/22 MP: 5/5
   713 | D:1      | Reached skill level 4 in Ice Magic
  1141 | D:1      | Reached XP level 3. HP: 20/28 MP: 6/6
  1572 | D:2      | Found a radiant altar of Vehumet.
  1575 | D:2      | Became a worshipper of Vehumet
  1615 | D:2      | Reached XP level 4. HP: 36/36 MP: 7/7
  1739 | D:2      | Noticed Ijyb
  1765 | D:2      | Killed Ijyb
  1765 | D:2      | Reached skill level 5 in Ice Magic
  2317 | D:2      | Learned a level 4 spell: Summon Ice Beast
  2664 | D:3      | Reached XP level 5. HP: 35/42 MP: 8/8
  2981 | D:3      | Learned a level 4 spell: Throw Icicle
  3111 | D:3      | Reached * piety under Vehumet
  3111 | D:3      | Offered knowledge of Shock by Vehumet.
  3467 | D:4      | Reached skill level 3 in Spellcasting
  3471 | D:4      | Noticed a big kobold
  3486 | D:4      | Killed a big kobold
  3486 | D:4      | Reached skill level 6 in Ice Magic
  3486 | D:4      | Reached XP level 6. HP: 49/49 MP: 11/11
  3620 | D:4      | Found a glowing drain.
  3624 | Sewer    | Entered a sewer
  3663 | Sewer    | Reached skill level 1 in Summonings
  3741 | Sewer    | Learned a level 3 spell: Ozocubu's Armour
  3756 | Sewer    | Reached skill level 2 in Summonings
  3756 | Sewer    | Reached XP level 7. HP: 31/55 MP: 12/12
  3758 | Sewer    | Offered knowledge of Throw Flame by Vehumet.
  3832 | Sewer    | Reached ** piety under Vehumet
  4010 | Sewer    | Reached skill level 4 in Spellcasting
  4010 | Sewer    | Reached skill level 3 in Summonings
  4122 | Sewer    | Offered knowledge of Inner Flame by Vehumet.
  4606 | D:4      | Noticed Robin
  4717 | D:4      | Killed Robin
  4753 | D:5      | Entered Level 5 of the Dungeon
  4814 | D:3      | Reached *** piety under Vehumet
  4917 | D:3      | Reached skill level 7 in Ice Magic
  4995 | D:4      | Reached skill level 4 in Summonings
  5011 | D:4      | Found a burning altar of Makhleb.
  5016 | D:4      | Reached XP level 8. HP: 57/62 MP: 14/14
  5112 | D:4      | Reached skill level 2 in Conjurations
  5545 | D:5      | Found a burning altar of Makhleb.
  5545 | D:5      | Found a shimmering altar of Xom.
  5547 | D:5      | Offered knowledge of Force Lance by Vehumet.
  5585 | D:5      | Reached skill level 3 in Conjurations
  5723 | D:5      | Reached skill level 5 in Summonings
  5817 | D:5      | Found a shadowy altar of Dithmenos.
  5907 | D:5      | Reached skill level 4 in Conjurations
  6273 | D:5      | Found a staircase to the Ecumenical Temple.
  6353 | D:5      | Found a stormy altar of Qazlal.
  6515 | D:5      | Reached skill level 6 in Summonings
  6568 | D:6      | Noticed Edmund
  6645 | D:6      | Killed Edmund
  6645 | D:6      | Reached skill level 1 in Fighting
  6645 | D:6      | Reached skill level 5 in Conjurations
  6645 | D:6      | Reached XP level 9. HP: 70/70 MP: 15/15
  6885 | D:6      | Reached skill level 2 in Fighting
  7449 | D:7      | Found a glowing silver altar of Zin.
  7552 | D:7      | Reached skill level 3 in Fighting
  7666 | D:7      | Reached **** piety under Vehumet
  7772 | D:7      | Offered knowledge of Fulminant Prism by Vehumet.
  7960 | D:7      | Found a glowing golden altar of the Shining One.
  7993 | D:7      | Reached skill level 6 in Conjurations
  8290 | D:7      | Reached skill level 4 in Fighting
  8639 | D:6      | Found an oddly glowing altar of Pakellas.
  8739 | D:6      | Reached skill level 1 in Charms
  8881 | D:6      | Reached skill level 7 in Conjurations
  8881 | D:6      | Reached skill level 2 in Charms
  9616 | D:8      | Reached XP level 10. HP: 86/86 MP: 17/17
  9671 | D:8      | Found a sand-covered staircase.
  9680 | Ossuary  | Entered an ossuary
 10187 | D:8      | Reached skill level 5 in Spellcasting
 10359 | D:8      | Noticed an obsidian statue
 10539 | D:8      | Noticed an ice statue
 10621 | D:8      | Reached ***** piety under Vehumet
 10808 | D:9      | Offered knowledge of Bolt of Cold by Vehumet.
 10808 | D:9      | Reached skill level 8 in Ice Magic
 10818 | D:8      | Learned a level 6 spell: Bolt of Cold
 10830 | D:9      | Reached skill level 8 in Conjurations
 11288 | D:9      | Found a staircase to the Lair.
 11380 | D:9      | Noticed a centaur warrior
 11641 | D:10     | Entered Level 10 of the Dungeon
 11641 | D:10     | Found a staircase to the Orcish Mines.
 11933 | D:9      | Killed a centaur warrior
 12038 | D:10     | Reached skill level 9 in Ice Magic
 12045 | D:10     | Reached skill level 9 in Conjurations
 12593 | D:10     | Reached XP level 11. HP: 92/92 MP: 19/19
 13397 | Lair:1   | Entered Level 1 of the Lair of Beasts
 13481 | Lair:1   | Reached skill level 6 in Spellcasting
 13605 | Lair:1   | Reached skill level 10 in Conjurations
 13684 | Lair:1   | Reached skill level 10 in Ice Magic
 13929 | Lair:1   | Identified Icuwuel's Compendium of the Rocks and Curses (You found it on level 1 of the Lair of Beasts)
 14463 | Lair:1   | Noticed a queen ant
 14478 | Lair:1   | Killed a queen ant
 14609 | Lair:1   | Offered knowledge of Orb of Destruction by Vehumet.
 14893 | Lair:1   | Reached skill level 7 in Spellcasting
 15362 | Lair:1   | Noticed a seven-headed hydra
 15369 | Lair:1   | Killed a seven-headed hydra
 15369 | Lair:1   | Reached skill level 8 in Spellcasting
 15378 | Lair:1   | Learned a level 7 spell: Orb of Destruction
 15592 | Lair:1   | Reached XP level 12. HP: 73/100 MP: 24/24
 15987 | Lair:2   | Reached skill level 5 in Fighting
 16199 | Lair:2   | Reached skill level 6 in Fighting
 17039 | Lair:3   | Reached skill level 7 in Fighting
 17152 | Lair:3   | Found a staircase to the Snake Pit.
 17590 | Lair:3   | Reached skill level 8 in Fighting
 17745 | Lair:3   | Reached skill level 2 in Dodging
 17888 | Lair:4   | Offered knowledge of Fireball by Vehumet.
 18383 | Lair:4   | Reached skill level 1 in Armour
 18678 | Lair:4   | Reached skill level 2 in Armour
 19060 | Lair:4   | Reached skill level 3 in Armour
 19234 | Lair:4   | Reached skill level 4 in Armour
 19647 | Lair:4   | Reached skill level 5 in Armour
 19724 | Lair:4   | Gained mutation: You can use your snake-like lower body to constrict enemies. [Naga growth]
 19724 | Lair:4   | Reached XP level 13. HP: 86/117 MP: 14/25
 19853 | Lair:4   | Reached skill level 6 in Armour
 20015 | Lair:5   | Gained mutation: Your tail ends in a poisonous barb. [potion of beneficial mutation]
 20016 | Lair:5   | Gained mutation: Your mind is acute. (Int +2) [potion of beneficial mutation]
 21002 | Lair:6   | Reached skill level 9 in Spellcasting
 21382 | Lair:6   | Reached skill level 11 in Conjurations
 21382 | Lair:6   | Reached skill level 11 in Ice Magic
 21802 | Lair:6   | Offered knowledge of Iskenderun's Battlesphere by Vehumet.
 22066 | Lair:6   | Found a staircase to the Shoals.
 23298 | Lair:7   | Found a blossoming altar of Fedhas.
 23910 | Lair:8   | Entered Level 8 of the Lair of Beasts
 23939 | Lair:7   | Reached skill level 10 in Spellcasting
 24403 | D:11     | Noticed Nico3ck's ghost (journeyman FoFi)
 24415 | D:12     | Reached skill level 12 in Conjurations
 24415 | D:12     | Reached skill level 12 in Ice Magic
 24421 | D:12     | Reached XP level 14. HP: 75/126 MP: 5/28
 24619 | D:12     | Noticed Erolcha
 24628 | D:12     | Killed Erolcha
 25063 | D:11     | Noticed Kidiri's ghost (journeyman HEFE)
 25273 | D:11     | Killed Kidiri's ghost
 25504 | D:12     | Noticed Gastronok
 25522 | D:12     | Killed Gastronok
 25806 | D:12     | Found a shimmering altar of Xom.
 26508 | Orc:1    | Entered Level 1 of the Orcish Mines
 26909 | Orc:2    | Entered Level 2 of the Orcish Mines
 27087 | Orc:2    | Found a frozen archway.
 27208 | IceCv    | Entered an ice cave
 27233 | Orc:2    | Found a staircase to the Elven Halls.
 27314 | Orc:2    | Reached skill level 13 in Ice Magic
 27963 | Orc:2    | Reached skill level 13 in Conjurations
 28229 | Orc:2    | Noticed an orc warlord
 28240 | Orc:1    | Killed an orc warlord
 28240 | Orc:1    | Reached skill level 3 in Dodging
 28967 | Orc:2    | Reached skill level 4 in Dodging
 29259 | Orc:2    | Offered knowledge of Ozocubu's Refrigeration by Vehumet.
 29259 | Orc:2    | Reached skill level 5 in Dodging
 29270 | Orc:1    | Learned a level 6 spell: Ozocubu's Refrigeration
 29915 | Orc:1    | Reached skill level 6 in Dodging
 30396 | Orc:2    | Found Gycacias's Assorted Antiques.
 30396 | Orc:2    | Found Vyataodgh's Food Boutique.
 30397 | Orc:2    | Found Qiezast's Antique Weapon Shop.
 30397 | Orc:2    | Found Beggauk's Jewellery Shoppe.
 30409 | Orc:2    | Bought a gnarled runed staff for 264 gold pieces
 30869 | Orc:2    | Bought a scroll of identify for 44 gold pieces
 30869 | Orc:2    | Bought a scroll of identify for 44 gold pieces
 31346 | D:13     | Reached XP level 15. HP: 134/134 MP: 29/29
 31680 | D:13     | Paralysed by a wizard for 4 turns
 31686 | D:13     | Reached skill level 9 in Fighting
 31945 | D:13     | Reached skill level 7 in Armour
 32376 | D:13     | Found a gate to the Vaults.
 32399 | D:13     | Got a vibrating marble ring
 32401 | D:13     | Identified the ring "Warghell" {Fire rN+ MP+9} (You found it on level 13 of the Dungeon)
 33388 | Lair:8   | Reached skill level 10 in Fighting
 33397 | Lair:7   | Reached skill level 8 in Armour
 33879 | Lair:8   | Found a staircase to the Slime Pits.
 33880 | Lair:8   | Found a viscous altar of Jiyva.
 34001 | Lair:8   | Offered knowledge of Freezing Cloud by Vehumet.
 35112 | Lair:8   | Reached skill level 11 in Spellcasting
 35134 | Lair:8   | Reached ****** piety under Vehumet
 35394 | Lair:8   | Learned a level 6 spell: Freezing Cloud
 36403 | Lair:3   | Reached skill level 9 in Armour
 36512 | Lair:3   | Reached XP level 16. HP: 136/146 MP: 29/31
 37395 | D:8      | Reached skill level 1 in Air Magic
 37751 | D:11     | Reached skill level 2 in Air Magic
 37753 | D:11     | Killed Nico3ck's ghost
 38039 | D:11     | Reached skill level 3 in Air Magic
 38171 | D:11     | Offered knowledge of Bolt of Fire by Vehumet.
 38579 | D:11     | Noticed Kidiri's ghost (journeyman DEFE)
 38586 | D:11     | Killed Kidiri's ghost
 39955 | D:14     | Reached skill level 14 in Conjurations
 40691 | D:15     | Entered Level 15 of the Dungeon
 41008 | D:15     | Reached skill level 15 in Conjurations
 41076 | D:15     | Reached skill level 1 in Evocations
 41098 | D:15     | Reached skill level 2 in Evocations
 41420 | D:15     | Reached skill level 3 in Evocations
 41658 | D:15     | Reached skill level 4 in Evocations
 42062 | D:15     | Reached skill level 5 in Evocations
 42160 | D:15     | Found a staircase to the Depths.
 42994 | D:15     | Upgraded the game from 0.19-a0-157-gbc558dc to 0.19-a0-160-gd53b84c
 43246 | Elf:1    | Entered Level 1 of the Elven Halls
 43627 | Elf:1    | Found Goymmiak's Armour Shop.
 43707 | Elf:1    | Found Pepoke's Jewellery Shop.
 43752 | Elf:1    | Noticed Asterion
 43760 | Elf:1    | Killed Asterion
 43760 | Elf:1    | Reached XP level 17. HP: 112/152 MP: 4/32
 44103 | Elf:1    | Reached skill level 1 in Maces & Flails
 44239 | Elf:1    | Found Xuohel's Assorted Antiques.
 44245 | Elf:1    | Bought a scroll of enchant armour for 217 gold pieces
 44245 | Elf:1    | Bought a curved gold wand for 116 gold pieces
 44273 | Elf:1    | Found Lenirewn's Assorted Antiques.
 44279 | Elf:1    | Reached skill level 1 in Shields
 44307 | Elf:1    | Bought a scroll of teleportation for 75 gold pieces
 44307 | Elf:1    | Bought a scroll of enchant weapon for 187 gold pieces
 44362 | Elf:1    | Reached skill level 2 in Maces & Flails
 44409 | Elf:1    | Offered knowledge of Glaciate by Vehumet.
 44409 | Elf:1    | Offered knowledge of Chain Lightning by Vehumet.
 44409 | Elf:1    | Offered knowledge of Tornado by Vehumet.
 44421 | Elf:1    | Identified Emuk's Catalogue of Dark Arts (You found it on level 1 of the Elven Halls)
 44450 | Elf:1    | Reached skill level 2 in Shields
 44536 | Elf:1    | Found Makochiz's Distillery.
 44604 | Elf:1    | Bought a potion of agility for 52 gold pieces
 44604 | Elf:1    | Bought a potion of heal wounds for 65 gold pieces
 44843 | Elf:2    | Reached skill level 3 in Maces & Flails
 45216 | Elf:1    | Reached skill level 3 in Shields
 45346 | Elf:2    | Reached skill level 4 in Maces & Flails
 45530 | Elf:2    | Reached skill level 4 in Shields
 45778 | Elf:2    | Reached skill level 5 in Maces & Flails
 46294 | Elf:2    | Found a huge runed gate.
 46294 | Elf:2    | Found a huge runed gate.
 46295 | Elf:2    | Found a huge runed gate.
 46314 | Elf:2    | Found a huge runed gate.
 46317 | Elf:2    | Found a huge runed gate.
 46742 | Snake:1  | Entered Level 1 of the Snake Pit
 46972 | Snake:1  | Noticed Aizul
 47117 | Snake:1  | Killed Aizul
 47117 | Snake:1  | Reached skill level 6 in Maces & Flails
 47117 | Snake:1  | Reached skill level 5 in Shields
 48422 | Snake:1  | Reached skill level 7 in Maces & Flails
 48613 | Snake:1  | Reached skill level 6 in Shields
 49142 | Snake:2  | Reached skill level 8 in Maces & Flails
 49336 | Snake:2  | Reached XP level 18. HP: 136/163 MP: 22/33
 49510 | Snake:2  | Reached skill level 7 in Shields
 49995 | Snake:2  | Reached skill level 9 in Maces & Flails
 50573 | Snake:3  | Reached skill level 8 in Shields
 50852 | Snake:3  | Noticed Roxanne
 50962 | Snake:3  | Noticed Vashnia
 51607 | Snake:3  | Killed Vashnia
 51607 | Snake:3  | Reached skill level 10 in Maces & Flails
 52158 | Snake:3  | Reached skill level 9 in Shields
 52261 | Snake:3  | Killed Roxanne
 52412 | Snake:4  | Entered Level 4 of the Snake Pit
 53289 | Snake:4  | Reached skill level 11 in Maces & Flails
 53948 | Snake:4  | Reached skill level 12 in Maces & Flails
 54620 | Snake:4  | Reached XP level 19. HP: 151/170 MP: 34/34
 55533 | Snake:4  | Reached skill level 16 in Conjurations
 55678 | Snake:4  | Reached skill level 11 in Fighting
 56362 | Snake:4  | Reached skill level 10 in Armour
 56960 | Snake:4  | Got a serpentine rune of Zot
 57266 | Elf:1    | Bought a glowing shield for 112 gold pieces
 57289 | Elf:1    | Reached skill level 12 in Fighting
 57574 | Orc:2    | Bought a scroll of enchant weapon for 165 gold pieces
 57593 | Orc:2    | Bought the amulet "Apoel" {Gourm MR+} for 553 gold pieces
 57815 | Shoals:1 | Entered Level 1 of the Shoals
 57911 | Shoals:1 | Found a flickering gateway to a bazaar.
 57953 | Bazaar   | Entered a bazaar
 57959 | Bazaar   | Found Kagiuxkyl's Magic Scroll Shop.
 57993 | Bazaar   | Found Vaan's Armour Boutique.
 58026 | Bazaar   | Found Coseso Rihu's Gadget Shop.
 58026 | Bazaar   | Found Ahuup's Weapon Boutique.
 58049 | Bazaar   | Bought 2 scrolls of enchant weapon for 165 gold pieces
 58049 | Bazaar   | Bought a scroll of enchant armour for 82 gold pieces
 58049 | Bazaar   | Bought a scroll of blinking for 82 gold pieces
 58051 | Bazaar   | Bought a scroll of teleportation for 33 gold pieces
 58063 | Bazaar   | Bought a wand of teleportation (2/9) for 270 gold pieces
 58137 | Shoals:1 | Found Xyeloo's Food Boutique.
 58137 | Shoals:1 | Found Owked's Assorted Antiques.
 58287 | Shoals:1 | Found Oxufaf's Armour Shop.
 58567 | Shoals:1 | Found Ruenlu Mite's General Store.
 59293 | Shoals:2 | Found Ceum's Assorted Antiques.
 59332 | Shoals:2 | Bought a faintly glowing lead ring for 125 gold pieces
 59332 | Shoals:2 | Bought a potion of resistance for 250 gold pieces
 59332 | Shoals:2 | Identified the ring "Gixeot" {rC+ rN+} (You bought it in a shop on level 2 of the Shoals)
 59520 | Shoals:2 | Reached skill level 6 in Evocations
 59894 | Shoals:2 | Reached skill level 7 in Dodging
 60063 | Shoals:3 | Reached XP level 20. HP: 157/184 MP: 14/35
 60423 | Shoals:3 | Noticed Donald
 60435 | Shoals:3 | Killed Donald
 60435 | Shoals:3 | Reached skill level 7 in Evocations
 61064 | Lair:2   | Learned a level 3 spell: Regeneration
 61068 | Lair:2   | Learned a level 3 spell: Spectral Weapon
 61417 | Shoals:4 | Entered Level 4 of the Shoals
 61425 | Shoals:4 | Reached skill level 1 in Necromancy
 61675 | Shoals:4 | Reached skill level 3 in Charms
 61688 | Shoals:4 | Found a flickering gateway to a bazaar.
 61703 | Bazaar   | Entered a bazaar
 61709 | Bazaar   | Found Dimed's Book Boutique.
 61727 | Bazaar   | Found Dex Eschy's Antique Weapon Emporium.
 61744 | Bazaar   | Found Ucurrof's Book Boutique.
 61761 | Bazaar   | Found Yngey's Antique Armour Shoppe.
 61854 | Shoals:4 | Reached skill level 2 in Necromancy
 61994 | Shoals:4 | Reached skill level 4 in Charms
 61995 | Shoals:4 | Reached skill level 3 in Necromancy
 62082 | Shoals:4 | Noticed Ilsuiw
 62102 | Shoals:4 | Reached skill level 4 in Necromancy
 62103 | Shoals:4 | Reached skill level 5 in Charms
 62113 | Shoals:4 | Killed Ilsuiw
 62294 | Shoals:4 | Got a barnacled rune of Zot
 62634 | Shoals:4 | Reached skill level 8 in Dodging
 62770 | Shoals:4 | Noticed Polyphemus
 62775 | Shoals:4 | Killed Polyphemus
 62775 | Shoals:4 | Reached skill level 8 in Evocations
 63646 | Shoals:4 | Identified the Volume of Ghastly Ice (You found it on level 4 of the Shoals)
 64089 | Shoals:1 | Bought a scroll of enchant armour for 315 gold pieces
 64401 | Vaults:1 | Entered Level 1 of the Vaults
 64416 | Vaults:1 | Reached skill level 9 in Evocations
 64423 | Vaults:1 | Reached skill level 9 in Dodging
 64982 | Vaults:1 | Reached XP level 21. HP: 192/192 MP: 36/36
 65156 | Vaults:1 | Reached skill level 10 in Evocations
 65217 | Vaults:1 | Learned a level 2 spell: Blink
 65573 | Vaults:1 | Reached skill level 1 in Translocations
 65591 | Vaults:1 | Reached skill level 2 in Translocations
 66116 | Vaults:2 | Reached skill level 3 in Translocations
 66201 | Vaults:2 | Reached skill level 12 in Spellcasting
 66526 | Vaults:2 | Reached skill level 6 in Charms
 66993 | Vaults:2 | Reached skill level 7 in Charms
 67320 | Vaults:2 | Got a sheer robe
 67321 | Vaults:2 | Identified the cursed +1 robe of the Salmon {rF++} (You found it on level 2 of the Vaults)
 67693 | Vaults:2 | Reached skill level 8 in Charms
 68097 | Vaults:3 | Reached skill level 13 in Spellcasting
 68168 | Vaults:3 | Learned a level 6 spell: Haste
 68479 | Vaults:3 | Noticed Nikola
 68480 | Vaults:3 | Reached skill level 9 in Charms
 68543 | Vaults:3 | Killed Nikola
 68588 | Vaults:3 | Gained mutation: You are resistant to hostile enchantments. [potion of beneficial mutation]
 68970 | Vaults:3 | Reached skill level 10 in Charms
 69179 | Vaults:3 | Got a scorched ruby amulet
 69245 | Vaults:3 | Reached XP level 22. HP: 198/200 MP: 29/39
 69338 | Vaults:3 | Reached skill level 11 in Armour
 69694 | Vaults:3 | Got a coiled pewter ring
 69695 | Vaults:3 | Identified the amulet of Gouxolan {MR+ Regen+ Str+3} (You took it off a yaktaur captain on level 3 of the Vaults)
 69696 | Vaults:3 | Identified the ring of Icvo {+Fly rC+ MP+9} (You found it on level 3 of the Vaults)
 69872 | Vaults:3 | Gained mutation: You are somewhat resistant to further mutation. [potion of beneficial mutation]
 69932 | Vaults:3 | Found a staircase to the Crypt.
 69932 | Vaults:3 | Found a basalt altar of Yredelemnul.
 69933 | Vaults:3 | Found an ancient bone altar of Kikubaaqudgha.
 70186 | Vaults:3 | Reached skill level 13 in Fighting
 70205 | Vaults:3 | Identified the Handbook of Talismans and Venom (You found it on level 3 of the Vaults)
 70805 | Vaults:4 | Found Diokhana's Antique Weapon Shop.
 70944 | Vaults:4 | Found Neuganyi's Jewellery Shop.
 71677 | Vaults:4 | Reached skill level 12 in Armour
 71788 | Vaults:4 | Found Ebly's General Store.
 71791 | Vaults:4 | Bought a scroll of magic mapping for 59 gold pieces
 71791 | Vaults:4 | Bought a scroll of recharging for 161 gold pieces
 72280 | Vaults:4 | Found Homihed's Jewellery Boutique.
 72478 | Vaults:4 | Reached skill level 14 in Fighting
 73235 | Elf:3    | Entered Level 3 of the Elven Halls
 73738 | Elf:3    | Learned a level 6 spell: Deflect Missiles
 74389 | Elf:3    | Reached skill level 4 in Air Magic
 74666 | Elf:3    | Reached skill level 5 in Air Magic
 74671 | Elf:3    | Reached XP level 23. HP: 213/213 MP: 32/40
 75130 | Elf:3    | Reached skill level 6 in Air Magic
 75858 | Elf:3    | Identified the Collected Works on Hurtful Malediction (You found it on level 3 of the Elven Halls)
 75885 | Elf:3    | Identified the Tome of Arcane Weapons and Intoxication (You found it on level 3 of the Elven Halls)
 76463 | Depths:1 | Entered Level 1 of the Depths
 76470 | Depths:1 | Found a magical portal.
 76481 | WizLab   | Entered Wucad Mu's Monastery
 76942 | WizLab   | Reached skill level 15 in Fighting
 76942 | WizLab   | Reached XP level 24. HP: 228/228 MP: 40/40
 76978 | Depths:1 | Found a gateway to Hell.
 77029 | Depths:1 | Reached skill level 7 in Air Magic
 77140 | Depths:1 | Noticed ololoev's ghost (journeyman GrEE)
 77164 | Depths:1 | Killed ololoev's ghost
 77392 | Depths:1 | Reached skill level 8 in Air Magic
 77775 | Depths:1 | Reached skill level 9 in Air Magic
 78210 | Depths:2 | Found a gateway to a ziggurat.
 78373 | Depths:2 | Reached skill level 10 in Air Magic
 78391 | Depths:2 | Reached skill level 16 in Fighting
 78941 | Depths:2 | Found an ancient bone altar of Kikubaaqudgha.
 78959 | Depths:2 | Reached skill level 10 in Dodging
 79318 | Depths:2 | Reached skill level 17 in Fighting
 79887 | Depths:2 | Reached skill level 13 in Armour
 80009 | Depths:2 | Reached XP level 25. HP: 220/241 MP: 40/40
 80294 | Depths:2 | Noticed Norris
 80314 | Depths:2 | Killed Norris
 80920 | Depths:3 | Found Gozag's Antique Weapon Shoppe.
 80939 | Depths:3 | Found a one-way gate leading to the halls of Pandemonium.
 81442 | Depths:3 | Reached skill level 11 in Dodging
 81448 | Depths:3 | Reached skill level 18 in Fighting
 81539 | Depths:3 | Found Gozag's Antique Armour Emporium.
 81609 | Depths:3 | Found an opulent altar of Gozag.
 81610 | Depths:3 | Found Gozag's Antique Armour Shoppe.
 81807 | Depths:3 | Bought a pair of polished gloves for 950 gold pieces
 81807 | Depths:3 | Identified the cursed -2 pair of gloves of the Prince {rN+ MR++ MP+9 Dex-2} (You bought it in a shop on level 3 of the Depths)
 82459 | Vaults:4 | Bought a +6 ring of evasion for 1560 gold pieces
 82866 | Depths:4 | Reached skill level 14 in Armour
 83261 | Depths:4 | Found a one-way gate to the infinite horrors of the Abyss.
 83879 | Depths:4 | Reached skill level 15 in Armour
 84046 | Depths:4 | Noticed a juggernaut
 84075 | Depths:4 | Killed a juggernaut
 84269 | Depths:5 | Entered Level 5 of the Depths
 84713 | Depths:5 | Reached XP level 26. HP: 240/253 MP: 39/40
 84761 | Depths:5 | Reached skill level 11 in Evocations
 85363 | Depths:5 | Reached skill level 12 in Evocations
 86037 | Depths:5 | Reached skill level 13 in Evocations
 86082 | Depths:5 | Noticed Frederick
 86089 | Depths:5 | Killed Frederick
 86331 | Depths:5 | Found a runed door.
 86335 | Depths:5 | Found a runed door.
 86365 | Depths:5 | Found a runed door.
 86369 | Depths:5 | Found a runed door.
 86378 | Depths:5 | Found a runed door.
 86537 | Depths:5 | Found a runed door.
 86574 | Depths:5 | Reached skill level 14 in Evocations
 86772 | Depths:5 | Found a gate to the Realm of Zot.
 87038 | Zig:1    | Entered Level 1 of a ziggurat
 87121 | Zig:2    | Entered Level 2 of a ziggurat
 87177 | Zig:3    | Entered Level 3 of a ziggurat
 87274 | Zig:3    | Reached XP level 27. HP: 261/261 MP: 40/40
 87281 | Zig:3    | Got a bound golden ring
 87282 | Zig:3    | Identified the ring of Guosail {Str+2 Int+2 Stlth+} (You found it on level 3 of a ziggurat)
 87335 | Zig:4    | Entered Level 4 of a ziggurat
 87533 | Zig:5    | Entered Level 5 of a ziggurat
 87543 | Zig:5    | Reached skill level 16 in Armour
 87714 | Zig:6    | Entered Level 6 of a ziggurat
 87871 | Zig:7    | Entered Level 7 of a ziggurat
 87878 | Zig:7    | Noticed Gaigoiv the pandemonium lord
 89184 | Elf:2    | Reached skill level 13 in Maces & Flails
 90625 | Crypt:1  | Entered Level 1 of the Crypt
 90830 | Crypt:1  | Reached skill level 14 in Maces & Flails
 91595 | Crypt:1  | Reached skill level 15 in Maces & Flails
 92144 | Crypt:2  | Noticed a greater mummy
 92144 | Crypt:2  | Noticed a greater mummy
 92169 | Crypt:2  | Noticed Khufu
 92314 | Crypt:1  | Killed Khufu
 92452 | Crypt:1  | Reached skill level 16 in Maces & Flails
 92502 | Crypt:2  | Killed a greater mummy
 92515 | Crypt:2  | Killed a greater mummy
 93154 | Crypt:2  | Noticed Wiglaf
 93164 | Crypt:2  | Reached skill level 19 in Fighting
 93174 | Crypt:2  | Killed Wiglaf
 93280 | Crypt:3  | Entered Level 3 of the Crypt
 93827 | Crypt:1  | Learned a level 5 spell: Dispel Undead
 93920 | Crypt:3  | Found a basalt altar of Yredelemnul.
 93942 | Crypt:3  | Reached skill level 5 in Necromancy
 94032 | Crypt:3  | Reached skill level 6 in Necromancy
 94128 | Crypt:3  | Reached skill level 7 in Necromancy
 94449 | Crypt:3  | Reached skill level 8 in Necromancy
 94621 | Crypt:3  | Reached skill level 9 in Necromancy
 94813 | Crypt:3  | Found a staircase to the Tomb.
 95163 | Crypt:3  | Got a glittering turquoise ring
 95167 | Crypt:3  | Identified the ring "Caarimm" {Fire MR+ Str-2 Int+4 Stlth+} (You found it on level 3 of the Crypt)
 95427 | Vaults:2 | Reached skill level 12 in Dodging
 95729 | Slime:1  | Entered Level 1 of the Pits of Slime
 96200 | Slime:6  | Entered Level 6 of the Pits of Slime
 96307 | Slime:6  | Reached skill level 13 in Dodging
 96578 | Slime:6  | Found a viscous altar of Jiyva.
 96583 | Slime:6  | Noticed the Royal Jelly
 96602 | Slime:6  | Killed the Royal Jelly
 96775 | Slime:6  | Got a dull robe
 96786 | Slime:6  | Got a vibrating brass ring
 96825 | Slime:6  | Identified the +1 robe of Panentheism {*Confuse rElec MP+9 Dex-4} (You found it on level 6 of the Pits of Slime)
 96861 | Slime:6  | Got a smoking tin amulet
 96870 | Slime:6  | Got a slimy rune of Zot
 96898 | Slime:6  | Identified the amulet "Ihar" {Dismiss Int+2} (You found it on level 6 of the Pits of Slime)
 96899 | Slime:6  | Identified the ring "Qiecval" {rPois MR+ Dex+4} (You found it on level 6 of the Pits of Slime)
 96935 | Slime:6  | Identified the Catalogue of Clay and Contamination (You found it on level 6 of the Pits of Slime)
 96965 | Slime:6  | Noticed Kilingo's ghost (adept MiBe)
 97494 | Zot:1    | Entered Level 1 of the Realm of Zot
 97572 | Zot:1    | Reached skill level 14 in Dodging
 97909 | Zot:1    | Killed from afar by an electric golem

Skill      XL: |  1  2  3  4  5  6  7  8  9 10 11 12 13 14 15 16 17 18 19 20 21 22 23 24 25 26 27 |
---------------+----------------------------------------------------------------------------------+-----
Ice Magic      | 4 5 6 7 9 10 12 13 | 13.2
Spellcasting   | 3 4 5 8 10 11 13 | 13.8
Summonings     | 2 4 6 |  6.0
Conjurations   | 5 7 9 10 12 13 15 16 | 16.5
Fighting       | 1 4 8 10 12 14 15 17 18 19 | 19.5
Charms         | 2 5 10 | 10.2
Dodging        | 2 6 7 9 10 11 14 | 14.3
Armour         | 5 6 9 10 12 13 15 16 | 16.4
Air Magic      | 3 5 6 10 | 10.0
Evocations     | 5 6 9 10 14 | 14.8
Maces & Flails | 8 12 16 | 16.0
Shields        | 6 9 |  9.0
Necromancy     | 4 9 |  9.8
Translocations | 3 |  3.5
Stealth        | |  3.0

Vault maps used:
D:1:      dpeg_arrival_ternary, minmay_surrounded
D:2:      marbit_many_paths, first_bread, hangedman_decor_push,
          grunt_ministairs_9, uniq_iyjb
D:4:      gup_sewer_entry_spiral, makhleb_blood_cavern_becter, uniq_robin
D:5:      grunt_temple_overflow_champion_of_chaos, grunt_qazlal_sundering,
          temple_statues, grunt_dithmenos_smoke
D:6:      overflow_temple_1_default, serial_glass, glass_columns_a,
          glass_columns_b, minivault_14, uniq_edmund
D:7:      zin_statuary, nicolae_tso_carved_into_rock
D:8:      minmay_separated_statues, lightli_ossuary_entry_decrepit_ruins
D:9:      minmay_lair_entry_lava
D:10:     orc_0_dummy, grunt_livestock
D:12:     basic_altar, uniq_erolcha, uniq_gastronok
D:13:     grunt_vaults_entry_tiered, laboratory
D:14:     hangedman_abyss_or_decor_stabs, minmay_statue_bubble
D:15:     grunt_enter_depths_snipers, nicolae_two_hexagons
Lair:1:   minivault_11, minivault_29
Lair:2:   beast_lair_carwin_10, lemuel_fruit_tree
Lair:3:   guppyfry_snake_entry_garden, grunt_megastairs_1, lemuel_fruit_fields
Lair:4:   beast_lair_carwin_large_2, lemuel_fruit_fields
Lair:5:   serial_bayou_lake_a, grunt_megastairs_4, infiniplex_staircase_pool_2
Lair:6:   elwin_shoals_entry_rooms
Lair:7:   tgw_fedhas
Lair:8:   grunt_lair_end_beastmaster, slime_altar_1
Shoals:1: serial_shops, bzr_entry_islet, shop, nicolae_shop_behind_doors, shop,
          shop
Shoals:2: serial_shops, shop_fountains
Shoals:3: uniq_donald
Shoals:4: shoals_end_simple, shoals_ilsuiw_ice, serial_shops, bzr_entry_dummy,
          nicolae_shoals_mertower, uniq_polyphemus
Snake:1:  uniq_aizul
Snake:2:  hangedman_snake_thin_pillar_pass
Snake:3:  grunt_megastairs_3, uniq_vashnia, uniq_roxanne
Snake:4:  grunt_snake_rune_serpentine_throne
Orc:2:    st_orc_ogre_mass, portal_ice_cave_entry_ice_beasts
Elf:1:    elf_arrival_001, serial_shops, nicolae_shop_waterfront, shop,
          shop_fountains, shop, nicolae_shop_statue_plus, minmay_elf_necromancy,
          uniq_asterion
Elf:2:    grunt_ministairs_12, st_stairs_10
Elf:3:    minmay_elf_hall_dome
Vaults:1: nicolae_vaults_back_hallway, nicolae_vaults_murderbox,
          nicolae_vaults_little_squares_3, ontoclasm_vaults_shuriken,
          hangedman_vaults_nails, vaults_standard_mumra_enter_the_diamond
Vaults:2: v_misc_4, hangedman_vaults_unwind, nicolae_vaults_c_with_doors,
          grunt_vaults_funnel, nicolae_vaults_network_quincunx,
          vaults_room_semicircle, nicolae_vaults_network_periphery, v_misc_30,
          nicolae_vaults_circle_grid_b, v_misc_17
Vaults:3: vaults_room_hangedman_quadrants, hangedman_vaults_stream,
          nicolae_vaults_alarming, vaults_mumra_chevron, vaults_room_large_hall,
          ontoclasm_vaults_chip, v_misc_1, ontoclasm_vaults_claustrophobia,
          minmay_crypt_entry_necro_gods, vaults_mumra_hex,
          vaults_room_stairs_pillars, ontoclasm_vaults_gateway,
          hangedman_vaults_slice, uniq_nikola
Vaults:4: hangedman_vaults_corner_blocks, nicolae_vaults_network_barrier,
          nicolae_vaults_windows_and_doors_thing, v_misc_23, grunt_vaults_swirl,
          nicolae_vaults_network_s, nicolae_vaults_ring_of_whatevers,
          ontoclasm_vaults_hangar, serial_shops, shop, nicolae_shop_crystal,
          shop_statue, shop
Crypt:1:  skrybe_necro_troll_2, grunt_megastairs_2
Crypt:2:  uniq_wiglaf, uniq_khufu
Crypt:3:  grunt_crypt_end_deaths_head
Depths:1: hangedman_geh_valley, hangedman_decor_peaks_small, mu_enter_wizlab_4,
          serial_bayou_shore_b
Depths:2: evilmike_negative_zone, enter_ziggurat_d, hell_entry,
          infiniplex_staircase_star, uniq_norris
Depths:3: kennysheep_gozag_temple, rand_demon_pan_entry_1, hell_entry,
          minmay_misc_feat_x, minmay_staircase_bubble
Depths:4: kennysheep_room_grid, hell_entry, minmay_room_of_horrors,
          infiniplex_staircase_spiral_double
Depths:5: evilmike_zot_entry_castle, lightli_too_deep, rand_demon_pan_entry_5,
          minmay_misc_feat_columns, serial_bayou_shore_a, uniq_frederick
Zot:1:    kennysheep_blocky_hall, basic_altar, grunt_ministairs_11
Zig:4:    ziggurat_pillar_centre_c
Bazaar:   bazaar_jpeg_honeycomb, bazaar_jpeg_circle_common
Sewer:    sewer_minmay_treatment
Ossuary:  ossuary_tomb_3
IceCv:    ice_cave_small_necro
WizLab:   wizlab_wucad

Vanquished Creatures
  the Royal Jelly Khufu
  A juggernaut
  2 greater mummies Vashnia Norris Frederick
  A caustic shrike
  A golden dragon Nikola
  A bone dragon
  A profane servitor
  An iron giant
  A pearl dragon
  2 tentacled monstrosities
  6 liches
  2 deep elf blademasters Asterion
  14 acid blobs
  3 titans
  6 ancient champions Gastronok Polyphemus
  A sphinx
  A shadow dragon
  4 storm dragons
  2 tengu reavers
  8 azure jellies Roxanne
  3 revenants Ilsuiw Wiglaf
  7 greater nagas
  2 iron dragons
  2 draconian monks
  2 draconian scorchers
  2 caustic shrike zombies
  2 fire giants
  7 deep elf sorcerers
  A draconian shifter
  6 vault wardens Donald
  An orc warlord
  10 ghouls
  2 ghost moths
  A balrug Aizul
  A curse skull
  5 deep elf elementalists
  3 reapers
  A draconian zealot
  26 very ugly things
  17 stone giants
  The ghost of Nico3ck the Fencer, a journeyman FoFi of Okawaru
  A war gargoyle
  A spriggan defender
  A draconian caller
  13 ironheart preservers
  8 vampire knights
  An ophan
  2 deep elf demonologists
  5 deep elf annihilators
  4 green draconians
  2 lorocyprocas
  The ghost of ololoev the Earth Mage, a journeyman GrEE of Vehumet
  4 black draconians
  A white draconian
  An orange crystal statue
  A dire elephant
  6 mottled draconians
  2 purple draconians
  2 yellow draconians
  3 eidola
  11 vault guards
  20 deep elf death magi
  4 ettins
  12 merfolk javelineers
  13 fire dragons
  24 jiangshi
  4 death oozes
  8 merfolk impalers
  A minotaur (shapeshifter)
  13 great orbs of eyes
  3 deep elf high priests
  9 ice dragons
  21 naga warriors
  14 yaktaur captains
  A quicksilver dragon zombie
  11 hydras
  9 entropy weavers
  6 spriggan air magi
  4 rakshasas
  3 catoblepae
  The ghost of Kidiri the Thaumaturge, a journeyman HEFE of Vehumet
  8 merfolk avatars
  An anaconda (shapeshifter)
  6 death knights
  A queen ant
  26 ogre magi
  12 death yaks
  A caustic shrike simulacrum
  2 satyrs
  16 anacondas
  8 centaur warriors
  The ghost of Kidiri the Thaumaturge, a journeyman DEFE of Vehumet
  27 dancing weapons
  10 merfolk aquamancers
  6 vampire magi Erolcha
  13 deep troll shamans
  A hell hog (shapeshifter)
  A shock serpent (shapeshifter)
  5 tengu warriors
  An orc high priest
  7 deep troll earth magi
  An iron giant zombie
  24 naga sharpshooters
  15 shock serpents
  5 soul eaters
  2 sun demons
  5 spriggan berserkers
  A fire crab
  An iron golem
  3 iron trolls
  32 deep elf knights
  2 salamander mystics
  13 sea snakes
  An anaconda zombie
  9 shadow wraiths
  A spark wasp zombie
  3 storm dragon skeletons
  45 skeletal warriors
  27 deep trolls
  An unseen horror (shapeshifter)
  2 death drakes (shapeshifter)
  8 flayed ghosts
  8 unseen horrors
  A giant orange brain
  7 hell knights
  A golden dragon skeleton
  A cherub
  3 wizards
  7 hill giants
  8 naga ritualists
  13 large abominations
  An obsidian statue
  A putrid demonspawn
  23 deep elf archers
  A wolf spider zombie
  4 harpies
  A harpy (shapeshifter)
  6 phantasmal warriors
  6 orc knights
  14 ironbrand convokers
  47 ugly things
  An orb spider
  A mana viper (shapeshifter)
  17 necromancers
  11 mana vipers
  2 frost giant zombies
  5 orc sorcerers
  15 griffons
  2 iron dragon zombies
  2 shadow dragon skeletons
  3 wolf spiders
  57 deep elf magi
  5 fauns
  4 shining eyes
  9 manticores
  A hornet
  A sphinx skeleton
  A tengu zombie
  An oklob plant
  11 cyclopes
  15 salamanders
  A moth of wrath (shapeshifter)
  An iron dragon skeleton
  A stone giant skeleton
  A hornet (shapeshifter)
  2 frost giant skeletons
  2 eyes of devastation
  A rust devil
  An elephant (shapeshifter)
  18 sirens
  36 elephants
  An apis skeleton
  18 guardian serpents
  39 black mambas
  A spriggan zombie
  24 naga magi
  2 dire elephant zombies
  2 octopodes (shapeshifter)
  15 vault sentinels
  A titan simulacrum
  2 gargoyles
  An ice statue
  2 moths of wrath
  9 water nymphs
  A torpor snail
  A smoke demon
  A komodo dragon (shapeshifter)
  25 spiny frogs
  11 komodo dragons
  4 kobold demonologists
  2 rime drakes
  15 freezing wraiths
  A yaktaur (shapeshifter)
  4 spectral deep trolls
  61 yaktaurs
  A hellwing
  A death drake zombie
  11 trolls
  A jumping spider
  31 merfolk
  54 two-headed ogres
  4 wind drakes
  2 tengu conjurers
  20 blink frogs
  A moth of wrath zombie
  3 bog bodies
  2 shadow dragon simulacra
  A fire dragon zombie
  7 boulder beetles
  9 snapping turtles
  An ice dragon zombie
  63 slime creatures
  9 air elementals
  15 redbacks
  51 flying skulls
  A salamander simulacrum
  A guardian serpent skeleton
  3 spriggans
  A tarantella (shapeshifter)
  21 humans
  6 shadows
  10 wraiths
  4 spriggan skeletons
  2 tarantellas
  45 water elementals
  7 fire elementals
  5 wyverns
  A ynoxinul
  A basilisk
  A hill giant zombie
  31 yaks
  4 hungry ghosts
  A yaktaur simulacrum
  23 vampire mosquitoes
  17 hippogriffs
  3 chaos spawn Edmund
  3 mottled dragons
  7 wargs
  A faun zombie
  22 soldier ants
  A glowing shapeshifter zombie
  A harpy simulacrum
  66 nagas
  22 water moccasins
  2 hell hounds
  A human skeleton
  A spiny frog zombie
  29 orc warriors
  14 porcupines
  6 black bears
  2 phantoms
  13 ice beasts
  4 sky beasts
  8 necrophages
  2 eyes of draining
  5 wasps
  An ettin simulacrum
  2 spriggan simulacra
  20 wolves
  4 boggarts
  21 centaurs
  104 ogres
  14 crocodiles
  5 big kobolds
  8 elf zombies
  An elf simulacrum
  A big kobold (shapeshifter)
  21 giant frogs
  A rime drake skeleton
  A giant frog (shapeshifter)
  A gnoll sergeant
  A dryad skeleton
  A glowing shapeshifter simulacrum
  10 small abominations
  A water moccasin zombie
  2 wyvern skeletons
  7 scorpions
  A troll zombie
  28 killer bees
  3 howler monkeys
  16 wights
  A tengu skeleton
  6 electric eels
  A human simulacrum
  5 centaur zombies
  A lava snake
  2 giant frog zombies
  9 crimson imps
  28 jellies
  A wyvern simulacrum
  8 hounds
  24 orc wizards
  8 centaur skeletons
  23 orc priests
  A soldier ant zombie
  2 giant frog skeletons
  11 iguanas Ijyb
  30 worker ants
  30 sheep
  A big kobold skeleton
  A hound zombie
  A hound skeleton
  9 mummies Robin
  A howler monkey zombie
  12 gnolls
  82 river rats
  14 adders
  A steam dragon skeleton
  5 shadow imps
  3 oozes
  2 adder skeletons
  3 adder zombies
  4 worms
  4 dart slugs
  8 giant geckos
  77 orcs
  5 ball pythons
  6 bats
  8 giant cockroaches
  18 goblins
  9 hobgoblins
  9 jackals
  A quokka
  12 giant newts
  A gnoll zombie
  3 hobgoblin zombies
  23 kobolds
  3 kobold zombies
  2 orc zombies
  24 rats
  2 butterflies
  2 crawling corpses
  33 fungi
  7 lost souls
  20 plants
  16 spectral weapons
2990 creatures vanquished.
